 Dungeon Crawl Stone Soup version 0.21-a0-207-g4a9efaf (webtiles) character file.

85 suicidejoker the Conjurer (level 4, -6/42 HPs)
             Began as an Octopode Conjurer on Aug 21, 2017.
             Killed by divine providence
             ... invoked by an orc priest
              (13 damage)
             ... on level 3 of the Dungeon.
             The game lasted 00:05:10 (2957 turns).

suicidejoker the Conjurer (Octopode Conjurer)       Turns: 2957, Time: 00:05:11

Health: -6/42      AC: 22    Str:  8    XL:     4   Next: 48%
Magic:  2/7        EV:  2    Int: 17    God:
Gold:   120        SH:  0    Dex: 12    Spells: 3/7 levels left

rFire    . . .     SeeInvis .     - Unarmed
rCold    . . .     Gourm    .   (no shield)
rNeg     + + +     Faith    .   (helmet currently unavailable)
rPois    +         Spirit   .   (no amulet)
rElec    .         Reflect  .   (no ring)
rCorr    .         Harm     .   (no ring)
MR       .....     NoTele   +   (no ring)
Stlth    ++........             (no ring)
HPRegen  0.14/turn              (no ring)
MPRegen  0.10/turn              (no ring)
                                (no ring)
                                (no ring)

@: lethally poisoned (-6 -> -11), tree-form
A: almost no armour, stealthy swim, (amphibious), 8 rings, (constrict 8)
a: no special abilities


You were on level 3 of the Dungeon.
You were hungry.
You were a tree.
You visited 1 branch of the dungeon, and saw 3 of its levels.

You collected 120 gold pieces.

Inventory:

Hand Weapons
 h - a +0 dagger of draining
Scrolls
 c - a scroll of amnesia {unknown}
 e - 2 scrolls of teleportation {unknown}
 f - a scroll of immolation {unknown}
 j - a scroll of enchant armour {unknown}
 l - a scroll of enchant weapon {unknown}
Potions
 d - a potion of lignification
 i - a potion of curing {unknown}
 k - 2 potions of resistance {unknown}
Books
 a - a book of Conjurations

   Spells                             Type                      Level
   a - Magic Dart                     Conjuration                  1
   b - Searing Ray                    Conjuration                  2
   c - Dazzling Spray                 Conjuration/Hexes            3
   d - Fulminant Prism                Conjuration/Hexes            4
   e - Force Lance                    Conjuration/Translocation    4
   f - Iskenderun's Mystic Blast      Conjuration                  4
Comestibles
 b - 2 bread rations
 g - a meat ration


   Skills:
 + Level 1.0 Fighting
 + Level 2.7 Dodging
 * Level 3.7 Stealth
 * Level 1.4 Unarmed Combat
 * Level 2.4 Spellcasting
 + Level 4.2 Conjurations


You had 3 spell levels left.
You knew the following spells:

 Your Spells              Type           Power        Failure   Level  Hunger
a - Magic Dart            Conj           ###.         3%          1    #......
b - Dazzling Spray        Conj/Hex       #.....       24%         3    ###....


Dungeon Overview and Level Annotations

Branches:
Dungeon (3/15)

Altars:
Dithmenos


Innate Abilities, Weirdness & Mutations

You cannot wear most types of armour.
You are very stealthy in the water. (Stealth+)
((You are amphibious.))
You can wear up to eight rings at the same time.
((You can use your tentacles to constrict eight enemies at once.))
((Your skin changes colour to match your surroundings (Stealth+).))
((Your rubbery body absorbs attacks. (AC +1, EV +1)))


Message History

You hit the orc priest but do no damage.
The orc priest is heavily wounded.
The orc priest hits you but does no damage.
The orc hits you but does no damage.
You closely miss the orc priest.
The orc priest is heavily wounded.
You feel sick.
The orc priest hits you but does no damage.
The orc priest miscasts a cantrip.
The orc hits you but does no damage.
You hit the orc priest.
The orc priest is severely wounded.
You feel sick.
The orc priest hits you but does no damage.
The orc hits you but does no damage.
You hit the orc priest but do no damage.
The orc priest is severely wounded.
The orc priest mumbles some strange prayers to Beogh against you.
Beogh smites you!
You die...

.#.##.####.##.##.###
# #
##.##)#.......##.###
.#.#
#.##.#.#####.##...
.o$.. ......
#.##.##.%o..o .
#.### #........# #.
#.##.###..# #
.###..#o# #
......oo# .###..#♣#
.###..#.## #
.........###.##
.......†......#
.##....(......#
#.........>.#
#.####.###..# ...
... ..# .## .... .#


You could see 2 orc priests and an orc.

Vanquished Creatures
  2 adders (D:2)
  3 worms (D:2)
  An orc (D:3)
  9 bats
  3 giant cockroaches
  10 hobgoblins
  8 kobolds
  A quokka (D:2)
  A ball python (D:1)
  4 frilled lizards
  6 goblins
  A quokka zombie (D:3)
  5 rats
54 creatures vanquished.

Notes
Turn   | Place    | Note
-------+----------+-------------------------------------------
     0 | D:1      | suicidejoker the Octopode Conjurer began the quest for the Orb.
     0 | D:1      | Reached XP level 1. HP: 11/11 MP: 3/3
   669 | D:1      | Reached XP level 2. HP: 12/17 MP: 5/5
  1411 | D:1      | Reached skill level 1 in Unarmed Combat
  1411 | D:1      | Reached XP level 3. HP: 20/22 MP: 6/6
  1558 | D:2      | Found a shadowy altar of Dithmenos.
  2369 | D:2      | Reached XP level 4. HP: 27/27 MP: 7/7
  2496 | D:2      | Reached skill level 1 in Fighting
  2938 | D:3      | Learned a level 3 spell: Dazzling Spray
  2957 | D:3      | Killed from afar by an orc priest

Vault maps used:
D:1:      minmay_arrival_plants_in_alcoves
D:2:      st_stairs_1, minivault_23, grunt_dithmenos_smoke_and_mirrors
D:3:      first_bread, uniq_grinder

Skill      XL: |  1  2  3  4 |
---------------+-------------+-----
Stealth        | 3 |  3.7
Unarmed Combat | 1 |  1.4
Fighting       | 1 |  1.0
Dodging        | |  2.7
Spellcasting   | |  2.4
Conjurations   | |  4.2

Action                   |  1- 3 |  4- 6 || total
-------------------------+-------+-------++-------
Melee: Unarmed           |    44 |    51 ||    95
       Constrict         |    24 |    13 ||    37
       Tentacles         |    10 |     7 ||    17
       Dagger            |    59 |       ||    59
       Punch             |     2 |       ||     2
 Cast: Magic Dart        |       |     3 ||     3
       Dazzling Spray    |       |     1 ||     1
  Use: Potion            |       |     1 ||     1
 Stab: Sleeping          |    10 |     4 ||    14
       Distracted        |     1 |       ||     1
  Eat: Chunk             |     3 |     3 ||     6
Armor: Skin              |     7 |    11 ||    18
Dodge: Dodged            |    58 |    44 ||   102
